 Dungeon Crawl Stone Soup version 0.27-a0-249-g74f53ef629 (webtiles) character file.

Game seed: 9167084509351165052

284 epen the Conjurer (level 6, -1/44 HPs)
             Began as a Gnoll Conjurer on Feb 3, 2021.
             Slain by an orc (4 damage)
             ... on level 4 of the Dungeon.
             The game lasted 00:06:17 (3670 turns).

epen the Conjurer (Gnoll Conjurer)                  Turns: 3670, Time: 00:06:18

Health: -1/44      AC:  2    Str:  8    XL:     6   Next: 29%
Magic:  13/14      EV: 14    Int: 17    God:
Gold:   125        SH:  0    Dex: 11    Spells: 12/15 levels left

rFire    . . .     SeeInvis .   g - +3 dagger (venom)
rCold    + . .     Faith    .   (no shield)
rNeg     . . .     Spirit   .   a - +0 robe
rPois    .         Reflect  .   (no helmet)
rElec    .         Harm     .   (no cloak)
rCorr    .         Rampage  .   (no gloves)
Will     .....                  (no boots)
Stlth    +++.......             (no amulet)
HPRegen  0.14/turn              n - ring of protection from cold
MPRegen  0.14/turn              (no ring)

@: no status effects
A: distributed training, fangs 1, strong nose
a: no special abilities


You were on level 4 of the Dungeon.
You visited 1 branch of the dungeon, and saw 4 of its levels.

You collected 125 gold pieces.

Inventory:

Hand Weapons
 g - a +3 dagger of venom (weapon)
 r - a +0 vorpal spear
Armour
 a - a +0 robe (worn)
Jewellery
 n - a ring of protection from cold (left hand)
Scrolls
 b - 2 scrolls of amnesia
 l - 2 scrolls of remove curse
 m - a scroll of noise
Potions
 c - a potion of lignification {unknown}
 d - 3 potions of curing
 h - 4 potions of heal wounds
 i - a potion of haste
 j - a potion of might
 k - a potion of flight {unknown}
 p - a potion of attraction {unknown}


   Skills:
 + Level 1.9 Fighting
 + Level 1.9 Short Blades
 + Level 1.9 Long Blades
 + Level 1.9 Axes
 + Level 1.9 Maces & Flails
 + Level 1.9 Polearms
 + Level 1.9 Staves
 + Level 1.9 Slings
 + Level 1.9 Bows
 + Level 1.9 Crossbows
 + Level 1.9 Throwing
 + Level 1.9 Armour
 + Level 4.9 Dodging
 + Level 4.5 Stealth
 + Level 1.9 Shields
 + Level 1.9 Unarmed Combat
 + Level 5.3 Spellcasting
 + Level 7.2 Conjurations
 + Level 1.5 Hexes
 + Level 1.5 Summonings
 + Level 1.5 Necromancy
 + Level 1.5 Translocations
 + Level 1.5 Transmutations
 + Level 1.5 Fire Magic
 + Level 1.5 Ice Magic
 + Level 1.5 Air Magic
 + Level 1.5 Earth Magic
 + Level 1.5 Poison Magic
 + Level 2.1 Invocations
 + Level 1.9 Evocations


You had 12 spell levels left.
You knew the following spells:

 Your Spells              Type           Power        Failure   Level
a - Magic Dart            Conj           100%         1%          1
b - Searing Ray           Conj           58%          1%          2

Your spell library contained the following spells:

 Spells                   Type           Power        Failure   Level
 Dazzling Flash           Conj/Hex       38%          7%          3
 Fulminant Prism          Conj/Hex       9%           22%         4
 Iskenderun's Mystic Bla  Conj/Tloc      19%          22%         4


Dungeon Overview and Level Annotations

Branches:
Dungeon (4/15)
 Temple: D:4-7

Altars:
Cheibriados
Trog


Innate Abilities, Weirdness & Mutations

Your experience applies equally to all skills.
You have very sharp teeth.
Your uncanny sense of smell can sniff out nearby items.


Message History

The orc hits you.
* * * LOW HITPOINT WARNING * * *
You hit the orc.
The orc is almost dead.
The orc hits you.
* * * LOW HITPOINT WARNING * * *
You barely miss the orc.
The orc is almost dead.
The orc hits you but does no damage.
You closely miss the orc. You bite the orc, but do no damage.
The orc is almost dead.
The orc barely misses you.
You barely miss the orc.
The orc is almost dead.
The orc hits you.
* * * LOW HITPOINT WARNING * * *
You barely miss the orc.
The orc is almost dead.
The orc hits you.
You die...

.#.#.# #####.# .#.#.#.#
###.....##### .#.#.#.#.#
#...........#
#.#.#.#.#.###.#.....###.#
.#.#.#.#.#..#.#.....# #.#
#.#.#.#.#.#...#.....# #.#
#.#.#.#.#.##.###.### #.#
#.#.#.#.###.# #.## #.#
#.#.#@#.##.# #..# #.#
#.#o#.###.# ##.# #.#
#..### #.####.####.# #.##
#...........# #.
....###.###### #. ## #.#
#. #.# #. #.# .# #.#


You could see an orc.

Vanquished Creatures
  Natasha (twice) (D:3)
  2 orc wizards (D:4)
  A gnoll (D:1)
  8 adders
  4 worms (D:3)
  10 dart slugs
  4 leopard geckos (D:3)
  4 giant cockroaches
  5 goblins
  8 hobgoblins
  3 jackals (D:2)
  5 kobolds
  A quokka (D:2)
  A ball python (D:4)
  7 bats
  5 frilled lizards
  4 rats
74 creatures vanquished.

Vanquished Creatures (others)
  An orc wizard (D:4)
  37 plants (D:3)
38 creatures vanquished.

Grand Total: 112 creatures vanquished

Notes
Turn   | Place    | Note
-------+----------+-------------------------------------------
     0 | D:1      | epen the Gnoll Conjurer began the quest for the Orb.
     0 | D:1      | Reached XP level 1. HP: 13/13 MP: 6/6
   255 | D:1      | Reached XP level 2. HP: 19/19 MP: 5/7
   676 | D:1      | Reached XP level 3. HP: 25/25 MP: 2/9
   811 | D:1      | Reached skill level 5 in Spellcasting
   874 | D:1      | Learned a level 2 spell: Searing Ray
  1052 | D:2      | Reached skill level 1 in Invocations
  1406 | D:2      | Reached skill level 1 in Fighting
  1406 | D:2      | Reached skill level 1 in Short Blades
  1406 | D:2      | Reached skill level 1 in Long Blades
  1406 | D:2      | Reached skill level 1 in Axes
  1406 | D:2      | Reached skill level 1 in Maces & Flails
  1406 | D:2      | Reached skill level 1 in Polearms
  1406 | D:2      | Reached skill level 1 in Staves
  1406 | D:2      | Reached skill level 1 in Slings
  1406 | D:2      | Reached skill level 1 in Bows
  1406 | D:2      | Reached skill level 1 in Crossbows
  1406 | D:2      | Reached skill level 1 in Throwing
  1406 | D:2      | Reached skill level 1 in Armour
  1406 | D:2      | Reached skill level 1 in Shields
  1406 | D:2      | Reached skill level 1 in Unarmed Combat
  1406 | D:2      | Reached skill level 1 in Evocations
  1434 | D:2      | Reached XP level 4. HP: 32/32 MP: 9/11
  1621 | D:3      | Found a snail-covered altar of Cheibriados.
  1722 | D:3      | Reached skill level 1 in Hexes
  1722 | D:3      | Reached skill level 1 in Summonings
  1722 | D:3      | Reached skill level 1 in Necromancy
  1722 | D:3      | Reached skill level 1 in Translocations
  1722 | D:3      | Reached skill level 1 in Transmutations
  1722 | D:3      | Reached skill level 1 in Fire Magic
  1722 | D:3      | Reached skill level 1 in Ice Magic
  1722 | D:3      | Reached skill level 1 in Air Magic
  1722 | D:3      | Reached skill level 1 in Earth Magic
  1722 | D:3      | Reached skill level 1 in Poison Magic
  1998 | D:3      | Noticed a moth of wrath
  2001 | D:3      | Found a bloodstained altar of Trog.
  2193 | D:3      | Reached XP level 5. HP: 35/37 MP: 12/12
  2786 | D:3      | Noticed Natasha
  2800 | D:3      | Killed Natasha
  3059 | D:3      | Noticed Natasha
  3064 | D:3      | Killed Natasha
  3475 | D:4      | Reached XP level 6. HP: 36/44 MP: 13/13
  3670 | D:4      | Slain by an orc

Illustrated notes

Levels and vault maps discovered:
D:1:      psy_arrival_radial01, layout_loops_cross
D:2:      layout_rooms
D:3:      kennysheep_slugbush, layout_loops_corners, lemuel_crystal_altar,
          tgw_trog, serial_bayou, serial_bayou_lagoon_b, serial_bayou_pond_e,
          serial_bayou_pond_c, serial_bayou_pond_c, uniq_natasha
D:4:      layout_loops_ring, old_standard_altar, minivault_23

Skill      XL: |  1  2  3  4  5 |
---------------+----------------+-----
Spellcasting   | 5 |  5.3
Invocations    | 1 2 |  2.1
Fighting       | 1 |  1.9
Short Blades   | 1 |  1.9
Long Blades    | 1 |  1.9
Axes           | 1 |  1.9
Maces & Flails | 1 |  1.9
Polearms       | 1 |  1.9
Staves         | 1 |  1.9
Slings         | 1 |  1.9
Bows           | 1 |  1.9
Crossbows      | 1 |  1.9
Throwing       | 1 |  1.9
Armour         | 1 |  1.9
Shields        | 1 |  1.9
Unarmed Combat | 1 |  1.9
Evocations     | 1 |  1.9
Hexes          | 1 |  1.5
Summonings     | 1 |  1.5
Necromancy     | 1 |  1.5
Translocations | 1 |  1.5
Transmutations | 1 |  1.5
Fire Magic     | 1 |  1.5
Ice Magic      | 1 |  1.5
Air Magic      | 1 |  1.5
Earth Magic    | 1 |  1.5
Poison Magic   | 1 |  1.5
Dodging        | |  4.9
Stealth        | |  4.5
Conjurations   | |  7.2

Action                   |  1- 3 |  4- 6 || total
-------------------------+-------+-------++-------
Melee: Unarmed           |     6 |       ||     6
       Dagger            |     3 |   132 ||   135
       Bite              |       |     8 ||     8
 Cast: Magic Dart        |    45 |    48 ||    93
  Use: Scroll            |       |    10 ||    10
 Stab: Sleeping          |     3 |     4 ||     7
Armor: Robe              |       |    10 ||    10
Dodge: Dodged            |     5 |    63 ||    68

Table legend: (Time is in decaauts)
 A = Elapsed time spent in this place.
 B = Non-inter-level travel time spent in this place.
 C = Inter-level travel time spent in this place.
 D = Time resting spent in this place.
 E = Time spent auto-exploring this place.
 F = Levels seen in this place.
 G = Mean time per level.
                   A        B        C        D        E       F      G
               +--------+--------+--------+--------+--------+-----+--------+
         Total |   3706 |   3624 |     82 |    290 |   2745 |   4 |  926.5 |
       Dungeon |   3706 |   3624 |     82 |    290 |   2745 |   4 |  926.5 |
               +--------+--------+--------+--------+--------+-----+--------+

Top non-repeatable levels by time:
     D:3: 1871 daAuts
     D:1: 905 daAuts
     D:2: 694 daAuts
     D:4: 235 daAuts
